Spoke, chaotic male elven Priest -------- |......-######### ------------ |......| # |..........| |......| ###|.......<..| ------.- #...........| ## ---------.-- # ### # #### ---------- -.---------- |.m.(%%[[| |.`.........` |..@?(.*?| |.........%| #f@..!?W%.| |...........#######` ------ # ###|.(..+*.!| |..........| # ### |.....#####------- # |..).*!/.| |..........| ##################|..>.| #|.....-######## ---------- ------------ ##.....| #......| ------ ------- Spoke the Acolyte Experience level: 4 Strength: 11 Dexterity: 13 Constitution: 15 Intelligence: 11 Wisdom: 18 Charisma: 11 Health: 0(37) Energy: 83(83) Def: 4 Gold: 213 Moves: 1628 Dungeon seed: wWBWJn40DpSQPyRY Game ID: Spoke_1614281544 Your Inventory: Coins $ - 213 gold pieces Weapons a - a blessed +1 mace (weapon in hand) o - 2 +0 orcish daggers (in quiver) Armor e - a +0 robe (being worn) n - a +0 small shield (being worn) q - a +0 orcish helm (being worn) Comestibles c - a clove of garlic d - a sprig of wolfsbane l - a partly eaten apple Scrolls s - 2 scrolls of blank paper Spellbooks f - a spellbook of remove curse g - a spellbook of cure sickness Potions b - 4 potions of holy water k - a cursed potion of healing Wands m - a wand of digging (0:6) Tools h - a bugle Spells and supernatural/magical abilities: Name Level Category Fail Memory r - remove curse 3 clerical 0% 92% K - cure sickness 3 healing 78% 92% W - pray for help -- divine ? -- X - turn undead -- divine ? -- Your skills at the end: Fighting Skills Weapon Skills mace [Basic] Spellcasting Skills clerical spells [Basic] Final Attributes: You were piously aligned. You were sleep resistant. You had infravision. You were held by a giant mimic. You are dead. Vanquished creatures: a kitten a giant bat 2 iguanas an acid blob 2 giant rats a gnome zombie a gecko 3 jackals a fox 3 kobolds 4 goblins 4 grid bugs 3 lichens a kobold zombie 8 newts 36 creatures vanquished. Voluntary challenges: You used a wielded weapon 35 times, starting on turn 3. You read items or engraved 1 time, starting on turn 264. You never genocided any monsters. You never polymorphed an object. You never changed form. You used no wishes. You never split a pudding. You never wrote Elbereth's name. You never violated your personal moral code. Dungeon overview: The Dungeons of Doom: levels 1 to 4 Level 1 a fountain a long staircase Level 2 some fountains a long staircase Level 3 a fountain Level 4 <- You were here a general store History has recorded: On T:1 you entered the Dungeons of Doom to retrieve the Amulet of Yendor! On T:233 you advanced to experience level 2. On T:394 you reached level 2 of The Dungeons of Doom. On T:807 you reached level 3 of The Dungeons of Doom. On T:813 you advanced to experience level 3. On T:1481 you reached level 4 of The Dungeons of Doom. On T:1572 you advanced to experience level 4. Score breakdown: Gold: 213 ( 7927 points) Experience: 4 levels ( 9649 points) Exploration: 4 levels ( 8.16%) ( 7500 points) Discoveries: 2 items ( 0.70%) ( 2504 points) Valuables value: (no points given unless you survive) Artifact value: 0 ( 0 points) Variety of kills: 15 monsters ( 3.94%) ( 5952 points) Turncount: 1628 turns ( 0 points) Survival: died (score multiplied by 80%) Total score: 26825 Latest messages: You feel awake! You see here 2 unlabeled scrolls. s - 2 unlabeled scrolls. "Hello, Spoke! Welcome to Kabalebo's general store!" Calling upon Huhetotl, you chant an arcane formula. Gehe's ghost resists! Gehe's ghost touches you! (2x) You miss Gehe's ghost. (4x) Gehe's ghost touches you! You miss Gehe's ghost. (4x) Gehe's ghost touches you! You miss Gehe's ghost. Calling upon Huhetotl, you chant an arcane formula. Gehe's ghost turns to flee! Wait! That's a giant mimic! The giant mimic hits! (2x) You miss the giant mimic. You hit the giant mimic. You hit the giant mimic! You miss the giant mimic. The giant mimic hits! You die... Kabalebo gratefully inherits all your possessions. Final status: Goodbye Spoke the Priest, killed by a giant mimic... You died in The Dungeons of Doom on dungeon level 4 with 26825 points, and 213 pieces of gold, after 1628 moves. You were level 4 with a maximum of 37 hit points when you died.